 Dungeon Crawl Stone Soup version 0.29.1 (webtiles) character file.

Game seed: 10787429643400965022

23446 LustLizard the Grappler (level 12, -7/122 HPs)
             Began as a Troll Fighter on Sept 14, 2022.
             Was an Elder of Wu Jian.
             Mangled by a cane toad (14 damage)
             ... on level 4 of the Lair of Beasts.
             The game lasted 00:24:35 (12171 turns).

LustLizard the Grappler (Troll Fighter)            Turns: 12171, Time: 00:24:36

Health: -7/122     AC: 13    Str: 27    XL:     12   Next: 71%
Magic:  11/11      EV: 14    Int:  8    God:    Wu Jian [****..]
Gold:   892        SH: 11    Dex:  9    Spells: 11/11 levels left

rFire   . . .      SeeInvis .   W - +4 flail (protect)
rCold   . . .      Faith    .   b - +1 kite shield
rNeg    . . .      Spirit   .   J - +0 troll leather armour
rPois   .          Reflect  .   S - +0 hat
rElec   .          Harm     .   (no cloak)
rCorr   .          Rampage  .   (gloves unavailable)
Will    .....                   (boots unavailable)
Stlth   +.........              (no amulet)
HPRegen 1.90/turn               m - +4 ring of slaying
MPRegen 0.12/turn               e - +4 ring of evasion

@: lethally poisoned (-7 -> -8), under a protective aura, serpent's lash
A: large, unfitting armour, claws 3, regeneration 1, shaggy fur 1, tough skin 1
a: Renounce Religion, Wall Jump, Serpent's Lash


You were on level 4 of the Lair of Beasts.
You worshipped Wu Jian.
Wu Jian was greatly pleased with you.
You visited 3 branches of the dungeon, and saw 15 of its levels.
You also visited: Sewer.

You collected 892 gold pieces.

Inventory:

Hand Weapons
 W - a +4 flail of protection (weapon)
Missiles
 p - 58 stones
 z - 6 curare-tipped darts
 I - 8 atropa-tipped darts
 L - 37 poisoned darts
Armour
 b - a +1 kite shield (worn)
 D - a +0 robe of the Archmagi
 H - +0 acid dragon scales
 J - a +0 troll leather armour (worn)
 S - a +0 hat (worn)
Jewellery
 e - a +4 ring of evasion (right claw)
 m - a +4 ring of slaying (left claw)
 r - a ring of protection from cold
 F - a ring of protection from fire
Wands
 o - a wand of roots (16)
 x - a wand of flame (28) (quivered)
 M - a wand of mindburst (3)
 T - a wand of polymorph (2)
Scrolls
 i - 5 scrolls of magic mapping {unknown}
 j - a scroll of summoning {unknown}
 k - 2 scrolls of vulnerability {unknown}
 l - 5 scrolls of blinking
 q - 3 scrolls of fear {unknown}
 s - 3 scrolls of immolation {unknown}
 t - 8 scrolls of teleportation
 u - 7 scrolls of enchant armour
 v - 3 scrolls of butterflies
 C - 4 scrolls of enchant weapon {unknown}
 E - a scroll of acquirement {unknown}
 G - a scroll of torment
 Q - 2 scrolls of poison {unknown}
 X - a scroll of noise {unknown}
Potions
 c - 2 potions of might
 d - 5 potions of flight
 f - 13 potions of curing
 g - a potion of brilliance
 n - 6 potions of haste
 w - a potion of berserk rage
 A - 5 potions of mutation
 B - a potion of cancellation
 K - a potion of ambrosia
 O - 2 potions of lignification
 R - 2 potions of heal wounds
 V - a potion of attraction {unknown}


   Skills:
 + Level 8.9 Fighting
 + Level 7.3 Dodging
 + Level 9.7 Shields
 * Level 14.2 Unarmed Combat


You had 11 spell levels left.
You didn't know any spells.
Your spell library contained the following spells:

 Spells                   Type           Power      Damage    Failure   Level
 Magic Dart               Conj           0%         1d3       67%         1
 Necrotise                Necr           0%         1d4       67%         1
 Sting                    Tmut/Pois      0%         1d3       67%         1
 Call Imp                 Summ           0%         N/A       80%         2
 Poisonous Vapours        Pois/Air       0%         N/A       80%         2
 Mephitic Cloud           Conj/Pois/Air  0%         N/A       95%         3
 Ozocubu's Armour         Ice            0%         N/A       95%         3
 Vampiric Draining        Necr           0%         2d6       95%         3
 Olgreb's Toxic Radiance  Pois           0%         N/A       100%        4
 Agony                    Necr           0%         N/A       100%        5
 Fireball                 Conj/Fire      0%         3d3       100%        5
 Metabolic Englaciation   Hex/Ice        0%         N/A       100%        5
 Simulacrum               Ice/Necr       0%         N/A       100%        6
 Starburst                Conj/Fire      0%         6d3       100%        6
 Ignition                 Fire           0%         3d3       100%        8


Dungeon Overview and Level Annotations

Branches:
Dungeon (10/15)            Temple (1/1) D:7            Lair (4/5) D:8
 Shoals (0/4) Lair:3       Spider (0/4) Lair:3          Orc (0/2) D:10
  Sewer (visited)
  Slime: Lair:4-5

Altars:
Ashenzari
Cheibriados
Dithmenos
Elyvilon
Fedhas
Gozag
Hepliaklqana
Kikubaaqudgha
Makhleb
Nemelex Xobeh
Okawaru
Qazlal
Ru
Sif Muna
Trog
Uskayaw
Vehumet
Wu Jian
Xom
Yredelemnul
Zin
The Shining One

Shops:
D:7 [

Annotations:
D:9 exclusion: orange crystal statue
D:10 3 runed translucent doors, CertainDeath's ghost, journeyman TrTm
Lair:4 3 runed translucent doors, Kyusiynim's ghost, journeyman GnEn


Innate Abilities, Weirdness & Mutations

You are too large for most types of armour.
You have claws for hands.
Your natural rate of healing is unusually fast.
You are covered in fur. (AC +1)
You have tough skin. (AC +1)


Message History

You block the cane toad's attack.
You block the four-headed hydra's attack. x3
The four-headed hydra barely misses you.
You hit the four-headed hydra.
The four-headed hydra is almost dead.
You feel very sick. The cane toad misses you.
The four-headed hydra bites you but does no damage.
The four-headed hydra misses you. The four-headed hydra bites you.
* * * LOW HITPOINT WARNING * * *
You block the four-headed hydra's attack.
You block the cane toad's attack.
The four-headed hydra bites you but does no damage.
The four-headed hydra barely misses you.
The four-headed hydra closely misses you.
The four-headed hydra barely misses you.
You sock the four-headed hydra!
You kill the four-headed hydra!
The Council accepts your kill.
You feel very sick. The cane toad stings you.
* * * LOW HITPOINT WARNING * * *
You block the cane toad's attack.
Your life force feels restored.
You barely miss the cane toad.
The cane toad is lightly wounded.
You feel very sick.
The cane toad stings you but does no damage.
You block the cane toad's attack.
You sock the cane toad!
The cane toad is heavily wounded.
You feel sick. You block the cane toad's attack.
You barely miss the cane toad.
The cane toad is heavily wounded.
You feel sick. You block the cane toad's attack. The cane toad stings you!
* * * LOW HITPOINT WARNING * * *
You sock the cane toad!
The cane toad is severely wounded.
You feel sick. The cane toad stings you!
You die...

##...##.###D.D..## ###
#...##### ♣.D...♣ #
#..## ♣[.)..~# .##
###.### ###♣./.?$~#....
..#'#.####.##♣...♣##....
............## #.....
).......P.#..#####......
..........###....†......
..........###...@F......
.........###............
.....<..## ##...##+#.###
.#.##.P## ##### #
#..^#### ##...# .. ##..#
#######..# ###+.####
##.#P#.#..##
...<....#####...........


You could see a cane toad.

Vanquished Creatures
  Gastronok (Lair:1)
  A hydra (Lair:4)
  Erica (D:9)
  A catoblepas (Lair:2)
  An orb spider (Lair:3)
  Pikel (D:7)
  2 black mambas
  4 elephants (Lair:1)
  A merfolk siren (Lair:3)
  A gargoyle (D:7)
  A rime drake (Lair:1)
  A kobold demonologist (D:6)
  7 cane toads
  7 komodo dragons
  2 trolls
  A polar bear (Lair:1)
  The ghost of Tricky101 the Gouger, a novice FeBe of Trog (D:6)
  5 blink frogs
  Sigmund (D:5)
  A wraith (D:7)
  14 yaks
  2 wyverns
  Eustachio (D:4)
  3 basilisks (Lair:2)
  A steam dragon (D:7)
  2 wargs (D:10)
  Edmund (D:4)
  3 vampire mosquitoes (D:10)
  3 acid dragons
  6 water moccasins
  8 black bears
  5 orc warriors
  2 ice beasts
  A sky beast (D:8)
  2 ogres
  3 centaurs
  A phantom (D:5)
  9 kobold brigands
  9 bullfrogs
  A gnoll sergeant (D:8)
  2 scorpions
  7 wights
  17 killer bees
  5 howler monkeys
  3 jellies
  5 gnoll boudas
  7 orc priests
  2 hounds
  Terence (D:2)
  5 iguanas
  6 hell rats (Lair:4)
  6 orc wizards
  34 gnolls
  11 adders
  4 river rats (D:6)
  A shadow imp (D:7)
  2 white imps
  2 ufetubi
  4 worms
  30 orcs
  5 endoplasms
  9 giant cockroaches
  6 goblins
  8 hobgoblins
  2 jackals (D:4)
  4 kobolds
  6 quokkas
  16 ball pythons
  4 bats
  12 frilled lizards
  10 rats
354 creatures vanquished.

Vanquished Creatures (others)
  16 fungi
  8 plants
24 creatures vanquished.

Grand Total: 378 creatures vanquished

Notes
Turn   | Place    | Note
-------+----------+-------------------------------------------
     0 | D:1      | LustLizard the Troll Fighter began the quest for the Orb.
     0 | D:1      | Reached XP level 1. HP: 22/22 MP: 0/0
     5 | D:1      | You fall into a shaft and drop 1 floor!
   106 | D:2      | Reached XP level 2. HP: 29/29 MP: 1/1
   645 | D:1      | Found a faded altar of an unknown god.
   961 | D:2      | Reached XP level 3. HP: 36/36 MP: 2/2
  1054 | D:2      | Reached skill level 3 in Unarmed Combat
  1055 | D:2      | Noticed Terence
  1065 | D:2      | Killed Terence
  1206 | D:2      | Reached XP level 4. HP: 44/44 MP: 3/3
  1381 | D:3      | Found a sacrificial altar of Ru.
  1537 | D:3      | Found a hazy altar of Hepliaklqana.
  1917 | D:4      | Reached XP level 5. HP: 53/53 MP: 4/4
  1930 | D:4      | Reached skill level 4 in Unarmed Combat
  2037 | D:4      | Noticed an ogre
  2043 | D:4      | Killed an ogre
  2044 | D:4      | Reached XP level 6. HP: 58/61 MP: 5/5
  2169 | D:4      | Noticed Eustachio
  2183 | D:4      | Killed Eustachio
  2184 | D:4      | Reached skill level 5 in Unarmed Combat
  2264 | D:4      | Found a radiant altar of Vehumet.
  2368 | D:4      | Found a blossoming altar of Fedhas.
  2373 | D:4      | Reached XP level 7. HP: 68/68 MP: 6/6
  2472 | D:4      | Noticed Edmund
  2490 | D:4      | Killed Edmund
  2686 | D:5      | Entered Level 5 of the Dungeon
  2746 | D:5      | Reached skill level 6 in Unarmed Combat
  2786 | D:5      | Found a basalt altar of Yredelemnul.
  2966 | D:5      | Reached skill level 5 in Shields
  2966 | D:5      | Reached XP level 8. HP: 79/79 MP: 7/7
  3027 | D:5      | Reached skill level 7 in Unarmed Combat
  3185 | D:5      | Noticed Sigmund
  3200 | D:5      | Killed Sigmund
  3201 | D:5      | Reached skill level 5 in Fighting
  3361 | D:6      | Reached skill level 8 in Unarmed Combat
  3414 | D:6      | Found a runed translucent gate.
  3414 | D:6      | Found a runed translucent gate.
  3414 | D:6      | Found a runed translucent gate.
  3416 | D:6      | Noticed a kobold demonologist
  3417 | D:6      | Noticed Tricky101's ghost (novice FeBe)
  3648 | D:6      | Found a glowing drain.
  3658 | Sewer    | Entered a sewer
  3872 | Sewer    | Reached XP level 9. HP: 69/88 MP: 8/8
  3919 | Sewer    | Identified the +7 hand axe of Patterns {spect, Int+2}
  4283 | D:6      | Found a burning altar of Makhleb.
  4429 | D:7      | Found a staircase to the Ecumenical Temple.
  4438 | Temple   | Entered the Ecumenical Temple
  4613 | Temple   | Became a worshipper of the Wu Jian Council
  4928 | D:7      | Reached skill level 9 in Unarmed Combat
  4956 | D:7      | Noticed a gargoyle
  4965 | D:7      | Killed a gargoyle
  4965 | D:7      | Reached * piety under Wu Jian
  5123 | D:7      | Found Cott's Armour Boutique.
  5241 | D:7      | Found a broken altar of Ashenzari.
  5245 | D:7      | Saw a vision of the Shoals and the Spider Nest.
  5245 | D:7      | Noticed a pharaoh ant
  5245 | D:7      | Noticed an emperor scorpion
  5245 | D:7      | Noticed a radroach
  5245 | D:7      | Noticed a pharaoh ant
  5245 | D:7      | Noticed a merfolk
  5245 | D:7      | Noticed a merfolk javelineer
  5245 | D:7      | Noticed a merfolk
  5245 | D:7      | Noticed a merfolk siren
  5245 | D:7      | Noticed a merfolk siren
  5245 | D:7      | Noticed a harpy
  5245 | D:7      | Noticed a pharaoh ant
  5245 | D:7      | Noticed an emperor scorpion
  5246 | D:7      | Noticed a merfolk
  5247 | D:7      | Noticed an orb spider
  5247 | D:7      | Noticed Pikel
  5247 | D:7      | Noticed a steelbarb worm
  5248 | D:7      | Noticed a demonic crawler
  5263 | D:7      | Killed Pikel
  5530 | D:7      | Reached skill level 10 in Unarmed Combat
  5619 | D:8      | Reached XP level 10. HP: 98/98 MP: 9/9
  5651 | D:8      | Found a staircase to the Lair.
  5719 | D:8      | Found a shimmering altar of Xom.
  5722 | D:8      | Noticed an angel
  5728 | D:8      | Found a glowing silver altar of Zin.
  5847 | D:8      | Reached ** piety under Wu Jian
  6248 | D:8      | Found an opulent altar of Gozag.
  6423 | D:8      | Found a stormy altar of Qazlal.
  6795 | D:9      | Reached skill level 11 in Unarmed Combat
  6978 | D:9      | Reached skill level 5 in Dodging
  7087 | D:9      | Noticed Erica
  7103 | D:9      | Killed Erica
  7104 | D:9      | Reached XP level 11. HP: 93/109 MP: 10/10
  7256 | D:9      | Noticed an orange crystal statue
  7482 | D:6      | Killed Tricky101's ghost
  7494 | D:6      | Reached *** piety under Wu Jian
  7644 | D:10     | Entered Level 10 of the Dungeon
  7852 | D:10     | Found a sparkling altar of Nemelex Xobeh.
  7906 | D:10     | Found a white marble altar of Elyvilon.
  8045 | D:10     | Reached skill level 12 in Unarmed Combat
  8080 | D:10     | Found a staircase to the Orcish Mines.
  8377 | D:10     | Found a runed translucent gate.
  8377 | D:10     | Found a runed translucent gate.
  8377 | D:10     | Found a runed translucent gate.
  8388 | D:10     | Noticed CertainDeath's ghost (journeyman TrTm)
  8560 | Lair:1   | Entered Level 1 of the Lair of Beasts
  8680 | Lair:1   | Noticed Gastronok
  8690 | Lair:1   | Killed Gastronok
  8690 | Lair:1   | Reached **** piety under Wu Jian
  9051 | Lair:1   | Reached skill level 13 in Unarmed Combat
  9080 | Lair:1   | Noticed a catoblepas
  9452 | Lair:2   | You fall into a shaft and drop 1 floor!
  9480 | Lair:3   | Reached XP level 12. HP: 120/120 MP: 11/11
  9545 | Lair:3   | Found a staircase to the Shoals.
 10098 | Lair:2   | Killed a catoblepas
 11491 | Lair:3   | Found a hole to the Spider Nest.
 11697 | Lair:3   | Reached skill level 14 in Unarmed Combat
 12052 | Lair:4   | Found a runed translucent gate.
 12053 | Lair:4   | Found a runed translucent gate.
 12053 | Lair:4   | Found a runed translucent gate.
 12055 | Lair:4   | Noticed a 12-headed hydra
 12055 | Lair:4   | Noticed Kyusiynim's ghost (journeyman GnEn)
 12055 | Lair:4   | Noticed a 13-headed hydra
 12153 | Lair:4   | Noticed a four-headed hydra
 12167 | Lair:4   | Killed a four-headed hydra
 12170 | Lair:4   | HP: 5/122 [cane toad (15)]
 12171 | Lair:4   | Mangled by a cane toad

Illustrated notes

Levels and vault maps discovered:
D:1:      roderic_octagonal_star, layout_basic, ebering_ecumenical_altar_mist
D:2:      layout_basic, minmay_cut_off, uniq_terence
D:3:      layout_rooms, nicolae_hepliaklqana_hazy_memory, lemuel_tele_altar
D:4:      layout_basic, mainiacjoe_overflow_concentric_impassable,
          fedhas_altar_2, hangedman_decor_diamond_cutter,
          kennysheep_flooded_box, uniq_edmund, uniq_eustachio
D:5:      layout_basic, mainiacjoe_overflow_cross_hatched, uniq_sigmund
D:6:      layout_rooms, lightli_temple_of_fire, gammafunk_ghost_nasty_kobolds,
          lightli_sewer_entry_pipes
D:7:      minmay_slanted_spiral_squares, layout_loops_ring,
          grunt_ashenzari_visionary [grunt_ashenzari_visionary_shoals,
          grunt_ashenzari_visionary_spider], minmay_temple_entry_poolview,
          serial_shops, shop, uniq_pikel
D:8:      layout_basic, grunt_temple_overflow_order_and_chaos_1,
          lemuel_doored_altar, marbit_many_paths, dpeg_oklobed_lair,
          minmay_misc_feat_plants, grunt_decor_resistance
D:9:      layout_loops_ring, minmay_misc_feat_chi, minmay_protected_statue,
          uniq_erica
D:10:     layout_roguey, mainiacjoe_overflow_catch_the_wave, david_orc_1_choice,
          ebering_ghost_rock_garden
Temple:   grunt_temple_mini_profane
Lair:1:   layout_chaotic_city, minmay_holes, chequers_serial_rivers_large_b,
          uniq_gastronok
Lair:2:   layout_layer_cave
Lair:3:   layout_concentric_octagons, minmay_shoals_entry_lonely_mermaid,
          nicolae_spider_entry_orb_guardian, beast_lair_carwin_10
Lair:4:   layout_roguey, dpeg_slime_entry_enclosed, gammafunk_ghost_hydra_chop

Skill      XL: |  1  2  3  4  5  6  7  8  9 10 11 12 |
---------------+-------------------------------------+-----
Shields        | 3 4 5 6 7 9 |  9.7
Unarmed Combat | 3 4 5 6 8 10 11 13 14 | 14.2
Fighting       | 3 4 5 6 7 8 |  8.9
Dodging        | 3 5 6 7 |  7.3

Action                   |  1- 3 |  4- 6 |  7- 9 | 10-12 || total
-------------------------+-------+-------+-------+-------++-------
Melee: Unarmed           |    93 |    81 |   298 |   535 ||  1007
       Flail             |       |       |       |    14 ||    14
Throw: Stone             |       |     5 |       |     2 ||     7
Invok: Lunge             |       |       |     8 |    48 ||    56
       Whirlwind         |       |       |       |    26 ||    26
       Serpent's Lash    |       |       |       |     1 ||     1
Evoke: Wand              |       |       |    10 |     4 ||    14
  Use: Scroll            |       |     5 |     5 |     8 ||    18
       Potion            |       |       |       |     1 ||     1
 Stab: Sleeping          |     1 |     2 |     1 |       ||     4
Armor: Robe              |    34 |    19 |    34 |     4 ||    91
       Acid dragon scale |       |       |       |    19 ||    19
       Troll leather arm |       |       |       |    55 ||    55
Dodge: Dodged            |    38 |    43 |   116 |   262 ||   459
Block: Kite shield       |    18 |    23 |    97 |   250 ||   388
